 Dungeon Crawl Stone Soup version 0.29.0-3-gbb0933ed62 (webtiles) character file.

Game seed: 399685202416902084

25 themarg the Chopper (level 2, 0/27 HPs)
             Began as a Minotaur Berserker on Aug 25, 2022.
             Was a Follower of Trog.
             Slain by an adder (3 damage)
             ... on level 2 of the Dungeon.
             The game lasted 00:02:03 (822 turns).

themarg the Chopper (Minotaur Berserker)             Turns: 822, Time: 00:02:05

Health: 0/27       AC:  3    Str: 21    XL:     2   Next: 86%
Magic:  1/1        EV: 12    Int:  4    God:    Trog [*.....]
Gold:   24         SH:  0    Dex:  9    Spells: 1/1 levels left

rFire   . . .      SeeInvis .   a - +0 hand axe
rCold   . . .      Faith    .   (no shield)
rNeg    . . .      Spirit   .   b - +0 animal skin
rPois   .          Reflect  .   (helmet restricted)
rElec   .          Harm     .   c - +0 cloak
rCorr   .          Rampage  .   (no gloves)
Will    .....                   (no boots)
Stlth   +.........              (no amulet)
HPRegen 0.09/turn               (no ring)
MPRegen 0.07/turn               (no ring)

@: no status effects
A: horns 2, retaliatory headbutt
a: Renounce Religion, Berserk


You were on level 2 of the Dungeon.
You worshipped Trog.
Trog was aware of your devotion.
You visited 1 branch of the dungeon, and saw 2 of its levels.

You collected 24 gold pieces.

Inventory:

Hand Weapons
 a - a +0 hand axe (weapon)
Armour
 b - a +0 animal skin (worn)
 c - a +0 cloak (worn)
Scrolls
 d - 2 scrolls of identify {unknown}
 k - a scroll of teleportation {unknown}
 l - a scroll of noise {unknown}
Potions
 e - a potion of flight {unknown}
 f - a potion of heal wounds {unknown}
 g - a potion of might {unknown}
 h - a potion of brilliance {unknown}
 i - a potion of mutation {unknown}
 j - a potion of curing {unknown}


   Skills:
 + Level 4.1 Fighting
 + Level 4.2 Axes
 + Level 2.7 Armour
 + Level 2.5 Dodging


You had one spell level left.
You didn't know any spells.
Your spell library was empty.

Dungeon Overview and Level Annotations

Branches:
Dungeon (2/15)

Altars:


Innate Abilities, Weirdness & Mutations

You have a pair of horns on your head.
You reflexively headbutt those who attack you in melee.


Message History

The adder bites you.
You closely miss the adder. Your headbutt misses the adder.
You punch the adder, but do no damage. The adder barely misses you.
The goblin shoots a sling bullet.
The sling bullet barely misses you. The adder bites you.
You completely miss the adder. Your headbutt misses the adder.
The adder bites you but does no damage.
You hit the adder.
The adder is moderately wounded.
An endoplasm comes into view.
The goblin shoots a sling bullet.
The sling bullet hits you. The adder closely misses you.
The goblin shoots a sling bullet.
The sling bullet barely misses you.
You miss the adder.
The adder is moderately wounded.
The adder bites you. The adder bites you but does no damage.
The goblin shoots a sling bullet.
The sling bullet hits you but does no damage.
The adder misses you.
The goblin unwields a +0 sling.
The goblin wields a +0 dagger.
The goblin completely misses you.
You closely miss the goblin. You closely miss the adder.
The adder bites you. x2
The goblin hits you but does no damage.
You barely miss the goblin. Your headbutt misses the goblin.
You hit the adder but do no damage. The adder bites you.
* * * LOW HITPOINT WARNING * * *
The goblin completely misses you.
You miss the adder.
The adder is moderately wounded.
You hit the goblin.
You kill the goblin!
Trog accepts your kill. The adder misses you.
You hit the adder.
The adder is almost dead.
You barely miss the endoplasm. The adder closely misses you.
The endoplasm freezes you.
You are frozen.
* * * LOW HITPOINT WARNING * * *
The adder bites you.
You die...

#.# #.# #.# ###
#.# #.. #.# #.#
#.# #.# #.# #.#
##.#
##########S###.##.
...#
#.........@J......
##.#
#.########.###.##.
#.####.########.#
##...............#
.....(............
...####.##########
...## #.# ....#
#.# ..#.....#


You could see an adder and an endoplasm.

Vanquished Creatures
  A dart slug (D:1)
  A ball python (D:1)
  An endoplasm (D:1)
  A giant cockroach (D:1)
  A goblin (D:2)
  3 hobgoblins (D:1)
  2 jackals (D:2)
  A quokka (D:1)
  3 bats (D:1)
  4 frilled lizards (D:1)
  3 kobolds
  2 rats
23 creatures vanquished.

Notes
Turn   | Place    | Note
-------+----------+-------------------------------------------
     0 | D:1      | themarg the Minotaur Berserker began the quest for the Orb.
     0 | D:1      | Reached XP level 1. HP: 19/19 MP: 0/0
   209 | D:1      | Reached XP level 2. HP: 27/27 MP: 1/1
   246 | D:1      | Found a faded altar of an unknown god.
   822 | D:2      | Slain by an adder

Illustrated notes

Levels and vault maps discovered:
D:1:      matt_arrival_los_fun, layout_basic, chequers_ecumenical_altar_simple
D:2:      layout_basic, basic_altar

Skill      XL: |  1  2 |
---------------+-------+-----
Axes           | 4 |  4.2
Fighting       | 4 |  4.1
Armour         | |  2.7
Dodging        | |  2.5

Action                   || total
-------------------------++-------
Melee: Hand axe          ||    50
       Headbutt          ||     6
       Punch             ||     2
Armor: Animal skin       ||    17
Dodge: Dodged            ||    40
